 Dungeon Crawl Stone Soup version 0.22.1-1-ga44c0e56f4 (webtiles) character file.

566 CaptainPlanet the Reanimator (level 7, 0/36 HPs)
             Began as a Deep Elf Necromancer on Oct 17, 2018.
             Killed by a distortion unwield (36 damage)
             ... on level 5 of the Dungeon.
             The game lasted 00:23:45 (4378 turns).

CaptainPlanet the Reanimator (Deep Elf Necromancer) Turns: 4378, Time: 00:23:46

Health: 0/36       AC: 11    Str:  5    XL:     7   Next: 10%
Magic:  18/18      EV: 12    Int: 22    God:
Gold:   183        SH:  0    Dex: 15    Spells: 6/18 levels left

rFire    . . .     SeeInvis .   (no weapon)
rCold    + . .     Gourm    .   (no shield)
rNeg     . . .     Faith    .   k - +3 leather armour {rC+}
rPois    .         Spirit   .   (no helmet)
rElec    .         Reflect  .   (no cloak)
rCorr    .         Harm     .   (no gloves)
MR       .....                  (no boots)
Stlth    ++........             (no amulet)
HPRegen  0.12/turn              e - +5 ring of protection
MPRegen  0.16/turn              (no ring)

@: no status effects
A: no striking features
a: no special abilities


You were on level 5 of the Dungeon.
You were not hungry.

You visited 1 branch of the dungeon, and saw 5 of its levels.

You collected 183 gold pieces.

Inventory:

Hand Weapons
 f - a +1 dagger
 t - the +5 dagger of Destiny {pierce, rF+ MR+, unknown}
   (You found it on level 5 of the Dungeon)

   It inflicts extra damage upon your enemies.
   It protects you from fire.
   It affects your resistance to hostile enchantments.
 u - the +3 quarterstaff of Profit {distort, rElec Str+6 Dex+2}
   (You found it on level 4 of the Dungeon)

   It warps and distorts space around it.
   Unwielding it can cause banishment or high damage.
   It affects your strength (+6).
   It affects your dexterity (+2).
   It insulates you from electricity.
Armour
 a - a +1 robe
 k - a +3 leather armour of cold resistance (worn)
Magical Staves
 r - an uncursed staff of fire
 s - an uncursed staff of death
Jewellery
 e - a +5 ring of protection (left hand)
 l - a cursed amulet of guardian spirit
Wands
 h - a wand of flame (17)
Scrolls
 b - 3 scrolls of remove curse
 d - 2 scrolls of teleportation
 i - 2 scrolls of amnesia
 p - a scroll of blinking
 q - a scroll of enchant weapon
Potions
 g - 3 potions of heal wounds
 j - 2 potions of lignification {unknown}
 m - 2 potions of degeneration
 n - 3 potions of curing {unknown}
 o - a potion of haste {unknown}
Comestibles
 c - 6 rations


   Skills:
 + Level 0.2 Staves
 + Level 0.4 Armour
 + Level 2.6 Dodging
 + Level 3.2 Stealth
 + Level 6.2 Spellcasting
 * Level 8.6 Necromancy


You had 6 spell levels left.
You knew the following spells:

 Your Spells              Type           Power        Failure   Level  Hunger
a - Pain                  Necr           ####         1%          1    None
b - Animate Skeleton      Necr           N/A          1%          1    None
c - Animate Dead          Necr           N/A          4%          4    ###....
d - Regeneration          Chrm/Necr      ####......   8%          3    #......
e - Vampiric Draining     Necr           #####.....   1%          3    #......

Your spell library contained the following spells:

 Spells                   Type           Power        Failure   Level  Hunger


Dungeon Overview and Level Annotations

Branches:
Dungeon (5/15)
 Temple: D:4-7

Altars:


Message History

The shadow imp blinks!
You see here a bubbling ruby potion.
j - 2 bubbling ruby potions (gained 1)
You hit the shadow imp.
Space bends around the shadow imp.
You kill the shadow imp!
An adder comes into view.
Found a scroll of enchant armour, 24 stones and a flail.
Found an escape hatch in the floor.
Found a scroll of remove curse and a quarterstaff.
You see here a fine dagger.
t - a fine dagger
Okay, then.
Found a robe.
v - a scroll of enchant armour
b - 3 scrolls of remove curse (gained 1)
As you read the scroll of enchant armour, it crumbles to dust.
Your +2 leather armour of cold resistance glows green for a moment.
You are crushed and pinned by an extremely strong localised spatial distortion!
Ouch! That really hurt!
You die...

#......... .
##........## ##.S
#..........# ##....
#.)........##...#..
#..............#..#
#..........[.#.#.##
#....<......##...##
##.>...............
#.@...............#
#...............#..
#............#####.
#..(...........###.
.............#.......
......)............#.#
.................#.....
####...................
#[.........###......


There were no monsters in sight!

Vanquished Creatures
  A sky beast (D:5)
  An ice beast (D:5)
  An ogre (D:3)
  A howler monkey (D:4)
  A hound (D:4)
  Ijyb (D:3)
  3 worker ants
  2 gnolls (D:4)
  4 adders
  A shadow imp (D:5)
  2 adder skeletons
  A worm (D:3)
  A dart slug (D:3)
  A leopard gecko (D:2)
  An orc (D:3)
  4 bats
  5 giant cockroaches
  8 hobgoblins
  2 quokkas
  A ball python (D:1)
  6 frilled lizards
  5 goblins
  3 kobolds
  10 rats
66 creatures vanquished.

Vanquished Creatures (collateral kills)
  A gnoll (D:4)
  An adder (D:4)
2 creatures vanquished.

Grand Total: 68 creatures vanquished

Notes
Turn   | Place    | Note
-------+----------+-------------------------------------------
     0 | D:1      | CaptainPlanet the Deep Elf Necromancer began the quest for
                  | the Orb.
     0 | D:1      | Reached XP level 1. HP: 10/10 MP: 6/6
   307 | D:1      | Learned a level 1 spell: Animate Skeleton
   332 | D:1      | Reached skill level 5 in Necromancy
   517 | D:1      | You fall through a shaft!
   520 | D:2      | Reached XP level 2. HP: 12/15 MP: 4/8
   796 | D:2      | Reached XP level 3. HP: 17/19 MP: 5/9
  1431 | D:3      | Noticed an ogre
  1643 | D:3      | Killed an ogre
  1643 | D:3      | Reached skill level 6 in Necromancy
  1643 | D:3      | Reached XP level 4. HP: 19/24 MP: 3/12
  1714 | D:3      | Reached XP level 5. HP: 26/28 MP: 9/13
  1727 | D:3      | Learned a level 4 spell: Animate Dead
  1731 | D:3      | Learned a level 3 spell: Regeneration
  1735 | D:3      | Learned a level 3 spell: Vampiric Draining
  1955 | D:3      | Noticed Ijyb
  2077 | D:3      | Killed Ijyb
  2077 | D:3      | Reached skill level 7 in Necromancy
  2748 | D:3      | Found a faded altar of an unknown god.
  3359 | D:4      | Reached XP level 6. HP: 27/32 MP: 2/15
  3363 | D:4      | Reached skill level 5 in Spellcasting
  3956 | D:4      | Got an ichor-stained quarterstaff
  3957 | D:4      | Identified the +3 quarterstaff of Profit {distort, rElec
                  | Str+6 Dex+2} (You found it on level 4 of the Dungeon)
  4021 | D:5      | Entered Level 5 of the Dungeon
  4023 | D:5      | Noticed a sky beast
  4030 | D:5      | Killed a sky beast
  4030 | D:5      | Reached skill level 8 in Necromancy
  4081 | D:5      | Noticed an ice beast
  4111 | D:5      | Killed an ice beast
  4111 | D:5      | Reached XP level 7. HP: 11/36 MP: 10/18
  4369 | D:5      | Got a fine dagger
  4378 | D:5      | Killed by a distortion unwield

Skill      XL: |  1  2  3  4  5  6 |
---------------+-------------------+-----
Necromancy     | 5 6 7 8 |  8.6
Stealth        | 3 |  3.2
Spellcasting   | 4 6 |  6.2
Staves         | |  0.2
Armour         | |  0.4
Dodging        | |  2.6

Action                   |  1- 3 |  4- 6 |  7- 9 || total
-------------------------+-------+-------+-------++-------
Melee: Dagger            |       |    17 |       ||    17
       Quarterstaff      |       |     4 |     2 ||     6
 Cast: Pain              |    61 |    83 |     1 ||   145
       Animate Skeleton  |     3 |     2 |       ||     5
       Animate Dead      |       |    13 |       ||    13
       Regeneration      |       |     1 |       ||     1
  Use: Scroll            |     5 |    10 |     1 ||    16
 Stab: Sleeping          |       |       |     1 ||     1
  Eat: Chunk             |     2 |     1 |       ||     3
       Ration            |       |     3 |       ||     3
Armor: Robe              |     5 |     3 |       ||     8
       Leather armour    |       |     8 |       ||     8
Dodge: Dodged            |     4 |    27 |       ||    31
